 Dungeon Crawl Stone Soup version 0.30-a0-830-gfe289a77b0 (webtiles) character file.

Game seed: 13375492316451745493

248 Esekla the Covert (level 6, -4/43 HPs)
             Began as an Octopode Delver on Mar 1, 2023.
             Slain by Duvessa
             ... wielding a +0 short sword of freezing
              (8 damage)
             ... on level 5 of the Dungeon.
             The game lasted 00:04:02 (386 turns).

Esekla the Covert (Octopode Delver)                  Turns: 386, Time: 00:04:03

Health: -4/43      AC:  1    Str:  8 (11) XL:     6   Next: 12%
Magic:  8/8        EV: 13    Int: 11 (14) God:
Gold:   50         SH:  0    Dex: 11 (14) Spells: 7/7 levels left

rFire   . . .      SeeInvis .    a - +0 falchion
rCold   . . .      Faith    .    (no shield)
rNeg    . . .      Spirit   .    (helmet restricted)
rPois   .          Reflect  .    (no amulet)
rElec   .          Harm     .    (no ring)
rCorr   .          Rampage  .    (no ring)
Will    .....                    (no ring)
Stlth   +++++                    (no ring)
HPRegen 0.27/turn                (no ring)
MPRegen 0.11/turn                (no ring)
                                 (no ring)
                                 (no ring)

@: hasted, very quick
A: almost no armour, amphibious, 8 rings, camouflage 1, gelatinous body 1,
(nimble swimmer 1), tentacles
a: no special abilities


You were on level 5 of the Dungeon.
You visited 1 branch of the dungeon, and saw 1 of its levels.

You collected 50 gold pieces.

Inventory:

Hand Weapons
 a - a +0 falchion (weapon)
Wands
 f - a wand of digging (2)
Scrolls
 b - a scroll of fog


   Skills:
 * Level 3.9 Fighting
 * Level 2.7 Long Blades
 * Level 2.8 Dodging
 + Level 8.7 Stealth
 * Level 1.4 Spellcasting
 + Level 0.1 Evocations


You had 7 spell levels left.
You didn't know any spells.
Your spell library was empty.

Dungeon Overview and Level Annotations

Branches:
Dungeon (5/15)
 Temple: D:4-7

Altars:
Elyvilon
Sif Muna
Uskayaw
The Shining One

Annotations:
D:5 Blork the orc, Dowan, Duvessa


Innate Abilities, Weirdness & Mutations

You cannot wear most types of armour.
You are amphibious.
You can wear up to eight rings at the same time.
Your skin changes colour to match your surroundings (Stealth+).
Your rubbery body absorbs attacks. (AC +1, EV +1)
((You are camouflaged when in or above water. (Stealth+)))
You have tentacles for arms and can constrict up to eight enemies at once.


Message History

Duvessa says, "Did you see that move?
Perfect!"
Found 15 gold pieces.
Duvessa says, "When magic and the sword combine, nothing stands against them."
Found 12 gold pieces.
Found a stone staircase leading up.
The quokka bites you.
An ice beast comes into view.
The quokka closely misses you.
Found a stone staircase leading down.
You see here 15 gold pieces.
You now have 38 gold pieces (gained 15).
The quokka closely misses you. The quokka misses you.
You see here 12 gold pieces.
You now have 50 gold pieces (gained 12).
The quokka bites you. The quokka barely misses you. Duvessa closely misses you.
The white imp shouts!
Duvessa attacks as you move away!
Duvessa hits you with a +0 short sword of freezing!
Duvessa freezes you. The quokka attacks as you move away!
The quokka misses you.
You hear a shout!
The white imp misses you. Duvessa attacks as you move away!
Duvessa hits you with a +0 short sword of freezing.
Duvessa freezes you. Duvessa attacks as you move away!
Duvessa hits you with a +0 short sword of freezing.
Duvessa freezes you.
You feel yourself speed up.
Duvessa hits you with a +0 short sword of freezing!
* * * LOW HITPOINT WARNING * * *
Duvessa freezes you.
* * * LOW HITPOINT WARNING * * *
The quokka twitches its whiskers.
It was a potion of degeneration.
There was something very wrong with that liquid.
You feel weakened.
You feel dopey.
You feel clumsy.
Duvessa hits you with a +0 short sword of freezing!
You die...

**,o.........# #.#.##
***..........###########.#..#
,,,............e.........##.####
*,,#..<.........<##########....#
*,*#.........###..##########...#
,,*#.........####..........#...#
,**...........# ##########.....#
,,*..........5##### ##....#
*,,..........Yre@.# ##...#
**,..############## #...# **,,,*
#...# ,***,* ##### ,,*,,* **,,,*
**,,,* ,,,,,* ,,,***


You could see Duvessa, an ice beast, a white imp and a quokka.

Vanquished Creatures
  Sigmund (D:5)
  A scorpion (D:5)
  A hound (D:5)
  A white imp (D:5)
4 creatures vanquished.

Notes
Turn   | Place    | Note
-------+----------+-------------------------------------------
     0 | D:5      | Esekla the Octopode Delver began the quest for the Orb.
     0 | D:5      | Reached XP level 1. HP: 16/16 MP: 1/1
     2 | D:5      | Found a white marble altar of Elyvilon.
    16 | D:5      | Noticed Dowan
    21 | D:5      | Noticed a scorpion
    35 | D:5      | Killed a scorpion
    36 | D:5      | Reached skill level 7 in Stealth
    36 | D:5      | Reached XP level 2. HP: 14/21 MP: 1/3
    36 | D:5      | Reached XP level 3. HP: 18/26 MP: 1/4
   124 | D:5      | Noticed Duvessa
   165 | D:5      | Noticed Sigmund
   175 | D:5      | Killed Sigmund
   176 | D:5      | Reached skill level 8 in Stealth
   176 | D:5      | Reached skill level 1 in Spellcasting
   176 | D:5      | Reached XP level 4. HP: 22/33 MP: 4/6
   176 | D:5      | Reached XP level 5. HP: 25/37 MP: 4/7
   205 | D:5      | Noticed a +0 hand axe
   205 | D:5      | Noticed a +0 hand axe
   207 | D:5      | Found a hide-covered altar of Uskayaw.
   208 | D:5      | Noticed Blork the orc
   331 | D:5      | Reached XP level 6. HP: 28/43 MP: 8/8
   374 | D:5      | Noticed an ice beast
   386 | D:5      | Slain by Duvessa

Illustrated notes

Levels and vault maps discovered:
D:5:      layout_rooms, nicolae_overflow_hidden_temple, dancing_weapons_uskayaw,
          minmay_misc_feat_pillars, minmay_ruined_shrine, uniq_duvessa,
          uniq_blork_the_orc, uniq_sigmund

Skill      XL: |  1  2  3 |
---------------+----------+-----
Stealth        | 7 8 |  8.7
Spellcasting   | 1 |  1.4
Fighting       | |  3.9
Long Blades    | |  2.7
Dodging        | |  2.8
Evocations     | |  0.1

Action                     |  1- 3 |  4- 6 || total
---------------------------+-------+-------++-------
  Melee: Falchion          |     9 |    10 ||    19
         Tentacles         |     4 |     2 ||     6
         Constrict         |     2 |     3 ||     5
         Punch             |       |     1 ||     1
  Evoke: Wand              |     1 |       ||     1
    Use: Scroll            |     1 |     1 ||     2
         Potion            |       |     2 ||     2
 Armour: Skin              |     2 |     1 ||     3
  Dodge: Dodged            |     5 |    14 ||    19

Table legend: (Time is in decaauts)
 A = Elapsed time spent in this place.
 B = Non-inter-level travel time spent in this place.
 C = Inter-level travel time spent in this place.
 D = Time resting spent in this place.
 E = Time spent auto-exploring this place.
 F = Levels seen in this place.
 G = Mean time per level.
                   A        B        C        D        E       F      G
               +--------+--------+--------+--------+--------+-----+--------+
         Total |    389 |    389 |      0 |    161 |      0 |   1 |  389.0 |
       Dungeon |    389 |    389 |      0 |    161 |      0 |   1 |  389.0 |
               +--------+--------+--------+--------+--------+-----+--------+

Top non-repeatable levels by time:
     D:5: 389 daAuts
